cohdb
Replays
Latest Replays
All Replays
Popular Replays
Top Player Replays
Match Explorer
How It Works
Community
CoH3 Stats
Reddit
Sign in to upload your games and track your stats! →
Sign in with Steam
Match 41868751
Unlisted
Match 41868751
Overview
Messages
Build Orders
End
Construct Barracks
Scout Squad
Riflemen Squad
Riflemen Squad
Riflemen Squad
Grenade Package
Infantry Support Center
Construct Motor Pool
Selects Armored Battlegroup
Selects Fast Deploy
M8 Greyhound Armored Car
Riflemen Squad
Jervi
Pickelhaube Enthusiast
0
0
Comments
sign in to comment!
No comments posted yet!